 Dungeon Crawl Stone Soup version 0.28.0 (webtiles) character file.

Game seed: 13867678047868755723

2 BorgnjorsVileCrotch the Shield-Bearer (level 1, 20/20 HPs)
             Began as a Deep Dwarf Fighter on Feb 12, 2022.
             Quit the game on level 1 of the Dungeon.
             The game lasted 00:00:22 (81 turns).

BorgnjorsVileCrotch the Shield-Bearer (DDFi)          Turns: 81, Time: 00:00:23

Health: 20/20      AC:  6    Str: 19    XL:     1   Next: 33%
Magic:  1/1        EV:  9    Int:  8    God:
Gold:   0          SH:  4    Dex: 12    Spells: 0/0 levels left

rFire   . . .      SeeInvis .   a - +0 war axe
rCold   . . .      Faith    .   c - +0 buckler
rNeg    . . .      Spirit   .   b - +0 scale mail
rPois   .          Reflect  .   (no helmet)
rElec   .          Harm     .   (no cloak)
rCorr   .          Rampage  .   (no gloves)
Will    .....                   (no boots)
Stlth   ..........              (no amulet)
HPRegen 0.00/turn               (no ring)
MPRegen 0.07/turn               (no ring)

@: no status effects
A: damage resistance, heal wounds, sense surroundings 1, no regeneration
a: Heal Wounds


You were on level 1 of the Dungeon.
You visited 1 branch of the dungeon, and saw 1 of its levels.

Inventory:

Hand Weapons
 a - a +0 war axe (weapon)
Armour
 b - a +0 scale mail (worn)
 c - a +0 buckler (worn)
Potions
 d - a potion of might {@q3 !q}


   Skills:
 + Level 2.7 Fighting
 + Level 2.2 Axes
 + Level 3.3 Armour
 + Level 3.3 Shields


You couldn't memorise any spells.
You didn't know any spells.
Your spell library was empty.

Dungeon Overview and Level Annotations

Branches:
Dungeon (1/15)

Altars:


Innate Abilities, Weirdness & Mutations

You are resistant to damage.
You can heal yourself by infusing magical energy.
You passively map a small area around you.
You do not regenerate.


Message History

Welcome, BorgnjorsVileCrotch the Deep Dwarf Fighter.
Below lies the Orb of Zot, rumoured to be powerful enough to resurrect a god...
Press ? for a list of commands and other information.
Found a staircase leading out of the dungeon.
A bat comes into view.
You barely miss the bat. The bat hits you but does no damage.
The bat barely misses you. The bat hits you but does no damage.
The bat hits you but does no damage. The bat hits you but does no damage.
The bat hits you but does no damage. The bat hits you but does no damage.
The bat closely misses you. The bat barely misses you.
The bat closely misses you. The bat closely misses you.
You block the bat's attack. The bat barely misses you.
The bat hits you but does no damage. The bat hits you but does no damage.
The bat hits you but does no damage. x2
The bat hits you but does no damage. The bat barely misses you.
The bat closely misses you. The bat closely misses you.
The bat hits you but does no damage. The bat completely misses you.
The bat hits you but does no damage. The bat hits you but does no damage.
You block the bat's attack. The bat hits you but does no damage.
A kobold comes into view. It is wielding a +0 club.
The kobold shouts!
The bat closely misses you. The bat hits you but does no damage.
The bat hits you but does no damage.
The kobold throws a stone.
The stone closely misses you. You block the bat's attack.
The bat hits you but does no damage. The bat closely misses you.
The bat hits you but does no damage. The bat hits you but does no damage. x2
The bat closely misses you. The bat barely misses you.
The bat hits you but does no damage. The bat closely misses you.
The bat hits you but does no damage.
A kobold comes into view. It is wielding a +0 dagger.
Found a scroll labelled OSYWNI GILETZ.
The kobold shouts!
The bat closely misses you. You block the bat's attack.
You closely miss the kobold. You hit the bat.
The bat hits you but does no damage. The bat barely misses you.
The kobold hits you but does no damage. The bat closely misses you.
You barely miss the kobold. You closely miss the bat.
The bat hits you but does no damage. The bat closely misses you.
The kobold hits you but does no damage. The bat hits you but does no damage.
The kobold hits you with a +0 dagger.
You closely miss the kobold. You closely miss the bat.
The bat closely misses you. The bat hits you but does no damage.
The kobold hits you but does no damage. The bat hits you but does no damage.
You hit the kobold.
The kobold is heavily wounded.
You closely miss the bat. The bat barely misses you.
You block the kobold's attack. The kobold barely misses you.
You hit the kobold but do no damage.
The kobold is heavily wounded.
You barely miss the bat. The bat hits you but does no damage. x2
The kobold hits you but does no damage.
You slash the kobold!
You kill the kobold!
You hit the bat.
You kill the bat!
The kobold hits you but does no damage.
Things that are here:
a +0 dagger; 3 stones The kobold throws a stone.
The stone barely misses you.
The kobold throws a stone.
You block the stone.
You see here a scroll labelled OSYWNI GILETZ.
As you read the scroll labelled OSYWNI GILETZ, it crumbles to dust.
It is a scroll of identify.
You don't have any unidentified items.
The kobold throws a stone.
You block the stone.
The kobold throws a stone.
The stone hits you but does no damage.
The kobold throws a stone.
The stone barely misses you.
The kobold throws a stone.
The stone hits you but does no damage.
The kobold throws a stone.
The stone hits you.
The kobold throws a stone.
The stone closely misses you.
Are you sure you want to abandon this character and quit the game? (Confirm with "yes".)

* , ..#####.....#####
....####...#...........#., ##
#...........#....<....#.. ..#
#.....#.#..#.........#.. ...#
#....#...#...........#.
....##....#..#####.....#####
..........+.......#...#.....,
#.........#####.#..#.#..####
#..............@#..#...#
#####.#.########........#
......#.# #.#.....##
#######.#*,* ,#.####### #
...#..... #.# # #..#.#..# #.#
# #..#.#..# , #.#
####..#.#..#* #K#
...#..#.#..# #.#


You could see a kobold.

Vanquished Creatures
  A bat (D:1)
  A kobold (D:1)
2 creatures vanquished.

Notes
Turn   | Place    | Note
-------+----------+-------------------------------------------
     0 | D:1      | BorgnjorsVileCrotch the Deep Dwarf Fighter began the quest
                  | for the Orb.
     0 | D:1      | Reached XP level 1. HP: 20/20 MP: 1/1
    81 | D:1      | Quit the game

Illustrated notes

Levels and vault maps discovered:
D:1:      scummos_arrival_star, layout_basic, minivault_19

Action                   || total
-------------------------++-------
Melee: War axe           ||     7
  Use: Scroll            ||     1
Armor: Scale mail        ||    37
Dodge: Dodged            ||    26
Block: Buckler           ||     7
